Map: Dusk Towers

Players

PsistmRapist

  • Race: Zerg Zerg

Miszu - Winner!

  • Race: Terran Terran
  • League: Master

VOD

Have the link to the VOD?

Description

Time

  • Played on: April 30, 2016, 4:25 p.m.
  • Length: 5:30
Show
View Real Time Build Order
Export as new Build Order

PsistmRapist Zerg 

Build Orders: Hatch First 

Get SALT Encoding   

  12  0:02  Drone  
  13  0:13  Overlord  
  13  0:20  Drone  
  14  0:31  Drone  
  14  0:32  Drone  
  16  0:39  Drone  
  17  0:52  Hatchery  
  16  1:08  Spawning Pool  
  15  1:59  Zergling x2  
  15  2:00  Zergling x4, Queen  
  20  2:04  Zergling x2  
  21  2:11  Zergling x2  
  22  2:16  Zergling x2  
  22  2:22  Zergling x2  
  23  2:30  Zergling x2  
  24  2:42  Overlord  
  24  2:51  Overlord  
  23  3:01  Zergling x2  
  23  3:04  Zergling x2  
  23  3:05  Zergling x4  
  27  3:10  Zergling x2  
  27  3:12  Zergling x2  
  29  3:18  Zergling x2  
  29  3:19  Zergling x2  
  31  3:23  Zergling x2  
  31  3:26  Zergling x2  
  33  3:32  Zergling x2  
  33  3:33  Zergling x2  
  33  3:37  Zergling x2  
  33  3:42  Zergling x2  
  33  3:45  Zergling x2  
  35  3:52  Zergling x2  
  35  3:56  Spine Crawler  
  34  4:03  Zergling x2  
  15  4:24  Zergling x8  
  10  4:37  Zergling x2  
  10  4:49  Zergling x2  
  9  5:04  Zergling x2  
Show
View Real Time Build Order
Export as new Build Order

Miszu Terran - Winner!

Build Orders:  

Get SALT Encoding   

  12  0:00  SCV  
  13  0:12  SCV  
  14  0:20  Supply Depot  
  14  0:25  SCV  
  15  0:42  Barracks  
  15  0:52  Barracks  
  15  1:05  Barracks  
  15  1:31  Marine  
  15  1:46  SCV  
  14  1:49  Marine  
  15  1:59  Marine  
  16  2:01  Marine  
  16  2:07  Marine  
  17  2:17  Barracks  
  17  2:23  Marine x2  
  17  2:24  Marine  
  17  2:26  Supply Depot  
  19  2:41  Marine x2  
  19  2:42  Marine  
  22  2:59  Marine x2  
  22  3:00  Marine  
  25  3:17  Marine x2  
  25  3:18  Marine  
  28  3:34  Marine x2  
  28  3:36  Marine  
  31  4:11  SCV  
  8  5:03  Marine  
Tags
 
Add a new tag
Caveats
  • Supply blocks, unpowered buildings, or Contaminate may cause inaccurate times.
  • Supply counts are checked every 10 seconds.